 Dungeon Crawl Stone Soup version 0.30-a0-702-gdf48620a09 (webtiles) character file.

Game seed: 10277120960128821236

15 Dartaoz the Shooter (level 2, -8/25 HPs)
             Began as a Minotaur Hunter on Jan 21, 2023.
             Mangled by Terence
             ... wielding a +0 flail
              (9 damage)
             ... on level 2 of the Dungeon.
             The game lasted 00:01:23 (944 turns).

Dartaoz the Shooter (Minotaur Hunter)                Turns: 944, Time: 00:01:23

Health: -8/25      AC:  4    Str: 15    XL:     2   Next: 34%
Magic:  1/1        EV: 12    Int:  6    God:
Gold:   72         SH:  0    Dex: 13    Spells: 1/1 levels left

rFire   . . .      SeeInvis .    a - +0 shortbow
rCold   . . .      Faith    .    (shield currently unavailable)
rNeg    . . .      Spirit   .    c - +0 leather armour
rPois   .          Reflect  .    (helmet restricted)
rElec   .          Harm     .    k - +0 cloak
rCorr   .          Rampage  .    (no gloves)
Will    .....                    (no boots)
Stlth   +                        (no amulet)
HPRegen 0.24/turn                (no ring)
MPRegen 0.07/turn                (no ring)

@: no status effects
A: horns 2, retaliatory headbutt
a: no special abilities


You were on level 2 of the Dungeon.
You visited 1 branch of the dungeon, and saw 2 of its levels.

You collected 72 gold pieces.

Inventory:

Hand Weapons
 a - a +0 shortbow (weapon)
Armour
 c - a +0 leather armour (worn)
 k - a +0 cloak (worn)
Scrolls
 b - a scroll of immolation
 d - a scroll of fear {unknown}
 f - a scroll of brand weapon {unknown}
 g - 2 scrolls of identify {unknown}
 l - a scroll of enchant armour {unknown}
Potions
 e - 5 potions of curing {unknown}
 h - a potion of lignification {unknown}
 i - 2 potions of mutation {unknown}
 j - a potion of flight {unknown}


   Skills:
 - Level 2.4 Fighting
 + Level 5.1 Ranged Weapons
 - Level 2.1 Dodging
 - Level 0.7 Stealth


You had one spell level left.
You didn't know any spells.
Your spell library was empty.

Dungeon Overview and Level Annotations

Branches:
Dungeon (2/15)

Altars:

Annotations:
D:2 Terence


Innate Abilities, Weirdness & Mutations

You have a pair of horns on your head.
You reflexively headbutt those who attack you in melee.


Message History

A frilled lizard comes into view.
You shoot an arrow. The frilled lizard hisses angrily.
The arrow hits the frilled lizard but does no damage.
You shoot an arrow.
The arrow closely misses the frilled lizard.
Terence the Incautious comes into view.
He is wielding a +0 flail.
You shoot an arrow.
Terence shouts!
The arrow hits the frilled lizard.
You kill the frilled lizard!
You shoot an arrow. The arrow completely misses Terence.
You shoot an arrow.
The arrow hits Terence but does no damage.
You shoot an arrow.
The arrow hits Terence but does no damage.
You shoot an arrow.
The arrow hits Terence but does no damage.
Terence attacks as you move away! Terence barely misses you.
Things that are here:
a +0 dagger; 2 stones Terence attacks as you move away!
Terence closely misses you.
You shoot an arrow. The arrow barely misses Terence.
Terence hits you with a +0 flail.
You shoot an arrow. The arrow closely misses Terence.
Terence hits you with a +0 flail! Terence hits you with a +0 flail.
You shoot an arrow. The arrow barely misses Terence.
Terence closely misses you.
You shoot an arrow.
The arrow hits Terence but does no damage.
Terence barely misses you.
You shoot an arrow. The arrow barely misses Terence.
Terence hits you with a +0 flail!
You are too injured to fight recklessly!
You are too injured to fight recklessly!
You shoot an arrow. The arrow barely misses Terence.
Terence hits you with a +0 flail!
* * * LOW HITPOINT WARNING * * *
Terence hits you with a +0 flail!
You die...

.........#.#. .............
..... .......#.....#....
.............. ... .
..<.....(..##..... ###...
............#..#.####..... ..
.........................#...
............##<#.##...##.#...
.#.##...........@@..###......
......##.#.#......)........#.
......)..#.#...#.#........<..
.#....####...#.#.#........##.
.#..#.# #...#.#.............
......####...#.#..##......##.
...#..#......#.#..##..†......
...##......# #.#..##.........
...........# #.#..##......)..


You could see Terence.

Vanquished Creatures
  2 endoplasms (D:1)
  A giant cockroach (D:2)
  A goblin (D:2)
  2 hobgoblins (D:1)
  A quokka (D:1)
  A bat (D:1)
  2 frilled lizards
  4 kobolds
  A rat (D:1)
15 creatures vanquished.

Notes
Turn   | Place    | Note
-------+----------+-------------------------------------------
     0 | D:1      | Dartaoz the Minotaur Hunter began the quest for the Orb.
     0 | D:1      | Reached XP level 1. HP: 18/18 MP: 0/0
    95 | D:1      | Found a faded altar of an unknown god.
   602 | D:1      | Reached XP level 2. HP: 25/25 MP: 1/1
   645 | D:1      | Reached skill level 5 in Ranged Weapons
   928 | D:2      | Noticed Terence
   944 | D:2      | HP: 1/25 [Terence/+0 flail (8)]
   944 | D:2      | Mangled by Terence

Illustrated notes

Levels and vault maps discovered:
D:1:      evilmike_arrival_plus, layout_basic, hellmonk_ecumenical_altar_zigzags
D:2:      layout_basic, serial_shops, nicolae_shop_window_shopping, basic_altar,
          chequers_big_river, dreamdust_wishing_well, uniq_jessica, uniq_terence

Skill      XL: |  1  2 |
---------------+-------+-----
Ranged Weapons | 5 |  5.1
Fighting       | |  2.4
Dodging        | |  2.1
Stealth        | |  0.7

Action                   || total
-------------------------++-------
 Fire: Shortbow          ||    44
Armor: Leather armour    ||     1
Dodge: Dodged            ||     9

Table legend: (Time is in decaauts)
 A = Elapsed time spent in this place.
 B = Non-inter-level travel time spent in this place.
 C = Inter-level travel time spent in this place.
 D = Time resting spent in this place.
 E = Time spent auto-exploring this place.
 F = Levels seen in this place.
 G = Mean time per level.
                   A        B        C        D        E       F      G
               +--------+--------+--------+--------+--------+-----+--------+
         Total |    955 |    922 |     33 |      0 |    816 |   2 |  477.5 |
       Dungeon |    955 |    922 |     33 |      0 |    816 |   2 |  477.5 |
               +--------+--------+--------+--------+--------+-----+--------+

Top non-repeatable levels by time:
     D:1: 867 daAuts
     D:2: 88 daAuts
